 Dungeon Crawl Stone Soup version 0.16.1-4-g8e1b745 (console) character file.

63 gw the Insei (level 4, 0/26 HPs)
             Began as a Kobold Transmuter on Mar 27, 2015.
             Slain by a jackal (1 damage)
             ... on level 2 of the Dungeon.
             The game lasted 00:02:23 (2927 turns).

gw the Insei (Kobold Transmuter)                    Turns: 2927, Time: 00:02:23

Health: 0/26       AC:  3    Str:  8    XL:     4   Next: 31%
Magic:  7/8        EV: 15    Int: 12    God:
Gold:   62         SH:  0    Dex: 16    Spells: 2 memorised, 4 levels left

rFire  . . .     SeeInvis .       - Unarmed
rCold  . . .     Clarity  .     k - +0 leather armour
rNeg   . . .     SustAb   .     (no shield)
rPois  .         Gourm    .     (helmet restricted)
rElec  .         Spirit   .     (no cloak)
rCorr  .         Warding  .     (no gloves)
rMut   .         Stasis   .     (no boots)
MR     .....                    (no amulet)
Stlth  +.........               (no ring)
                                (no ring)

@: lethally poisoned (0 -> -1), appendage, very slightly contaminated, not
resistant to hostile enchantments, very unstealthy
A: horns 2, carnivore 3
a: End Transformation


You were on level 2 of the Dungeon.
You were very full.
You had grown temporary horns.
You visited 1 branch of the dungeon, and saw 2 of its levels.

You collected 62 gold pieces.

Inventory:

Missiles
 b - 12 arrows
 e - 22 poisoned needles
 g - 2 tomahawks (quivered)
 o - 51 stones
Armour
 k - a +0 leather armour (worn)
Scrolls
 f - a scroll of identify
 l - 2 scrolls of enchant weapon {unknown}
Potions
 j - a potion of agility
Books
 d - a book of Changes

   Spells                             Type                      Level
   a - Beastly Appendage              Transmutation                1
   b - Sticks to Snakes               Transmutation                2
   c - Spider Form                    Transmutation/Poison         3
   d - Ice Form                       Ice/Transmutation            4
   e - Blade Hands                    Transmutation                5
Comestibles
 a - a meat ration
 i - 3 royal jellies


   Skills:
 + Level 2.2 Fighting
 + Level 3.1 Dodging
 + Level 3.2 Unarmed Combat
 + Level 2.5 Spellcasting
 * Level 2.3 Transmutations


You had 4 spell levels left.
You knew the following spells:

 Your Spells              Type           Power        Failure   Level  Hunger
a - Beastly Appendage     Trmt           #.....       17%         1    #......
b - Spider Form           Trmt/Pois      #.........   78%         3    ###....


Dungeon Overview and Level Annotations

Branches:
Dungeon (2/15)

Altars:


Innate Abilities, Weirdness & Mutations

You are small and have problems with some larger weapons.
You are carnivorous and can eat meat at any time.
You have a pair of horns on your head.


Message History

Unknown command.
Unknown command.
ATTACKING (1,0)
You miss the adder. The adder misses you. The adder barely misses you.
Unknown command.
Unknown command.
Unknown command.
Unknown command.
ATTACKING (1,0)
You hit the adder. You headbutt the adder.
You kill the adder!
You feel sick.
Unknown command.
Unknown command.
Unknown command.
Unknown command.
ATTACKING (0,-1)
You closely miss the jackal. Your headbutt misses the jackal.
The jackal misses you. The jackal bites you.
You die...

###### #....#
#.##.# #.##.#
#h##.############
#Khw(.(...........
####.#.....######
...#.###.# #####.#
#.# #.# #.# #g#
#.# #.# #.# #.#
#.# #.# #.#


You could see a worm and 2 jackals.

Table legend:
 A = Turns spent in this place as a percentage of turns spent in the entire game.
 B = Non-inter-level travel turns spent in this place as a percentage of non-inter-level travel turns spent in the entire game.
 C = Inter-level travel turns spent in this place as a percentage of turns spent in this place.
 D = Turns resting spent in this place as a percentage of non-inter-level travel turns spent in this place.
 E = Turns spent auto-exploring this place as a percentage of non-inter-level travel turns spent in this place.
 F = Non-inter-level travel turns spent in this place divided by the number of levels of this place that you've seen.
                   A       B       C       D       E      F
               +-------+-------+-------+-------+-------+----------------------
         Total | 100.0 | 100.0 |   0.7 |   2.7 |   2.0 | 1592.5
       Dungeon | 100.0 | 100.0 |   0.7 |   2.7 |   2.0 | 1592.5
               +-------+-------+-------+-------+-------+----------------------

Table legend:
 A = Kills in this place as a percentage of kills in entire the game.
 B = Kills by you in this place as a percentage of kills by you in the entire game.
 C = Kills by friends in this place as a percentage of kills by friends in the entire game.
 D = Other kills in this place as a percentage of other kills in the entire game.
 E = Experience gained in this place as a percentage of experience gained in the entire game.
 F = Experience gained in this place divided by the number of levels of this place that you have seen.
                   A       B       C       D       E      F
               +-------+-------+-------+-------+-------+----------------------
         Total | 100.0 | 100.0 |  -nan |  -nan | 100.0 |  45.5
       Dungeon | 100.0 | 100.0 |  -nan |  -nan | 100.0 |  45.5
               +-------+-------+-------+-------+-------+----------------------

Vanquished Creatures
  3 adders (D:2)
  6 hobgoblins
  5 kobolds
  4 bats (D:1)
  4 giant cockroaches
  2 giant newts (D:1)
  6 goblins
  4 jackals
  A rat (D:2)
35 creatures vanquished.

Notes
Turn   | Place    | Note
--------------------------------------------------------------
     0 | D:1      | gw, the Kobold Transmuter, began the quest for the Orb.
     0 | D:1      | Reached XP level 1. HP: 12/12 MP: 3/3
   632 | D:1      | Reached XP level 2. HP: 16/16 MP: 2/4
  1606 | D:1      | Reached XP level 3. HP: 21/21 MP: 4/6
  1626 | D:1      | Learned a level 3 spell: Spider Form
  2557 | D:2      | Reached XP level 4. HP: 17/26 MP: 6/8
  2922 | D:2      | HP: 1/26 [poisoned by an adder]
  2927 | D:2      | Slain by a jackal

Action                   |  1- 3 |  4- 6 || total
-------------------------+-------+-------++-------
Melee: Unarmed           |    82 |    43 ||   125
Throw: Tomahawk          |    45 |    10 ||    55
       Stone             |     5 |       ||     5
 Cast: Beastly Appendage |    26 |     7 ||    33
  Use: Scroll            |     5 |       ||     5
       Potion            |     4 |     1 ||     5
  Eat: Chunk             |    13 |     2 ||    15

Vault maps used:
D:1:      kilobyte_arrival_exit_the_forest
